Map: Glittering Ashes LE

Players

Scarlett - Winner!

  • Race: Zerg Zerg
  • League: Master

AgoElazer (Elazer)

  • Race: Zerg Zerg

Event: DreamHack SC2 Masters Last Chance 2022

VOD

Have the link to the VOD?

Description

Time

  • Played on: Dec. 19, 2021, 6:31 p.m.
  • Length: 4:28

All games in this series

Show
View Real Time Build Order
Export as new Build Order

Scarlett Zerg - Winner!

Build Orders: Hatch First, Zergling Baneling 

Get SALT Encoding   

  12  0:00  Drone  
  13  0:08  Drone  
  14  0:16  Drone, Extractor  
  14  0:22  Drone, Extractor  
  15  0:48  Hatchery  
  14  0:57  Spawning Pool  
  14  1:02  Drone  
  14  1:12  Overlord  
  14  1:21  Drone, Extractor  
  15  1:30  Drone  
  16  1:44  Metabolic Boost, Zergling x2  
  17  1:57  Zergling x2  
  17  1:59  Queen  
  20  2:01  Zergling x2  
  20  2:06  Baneling Nest  
  20  2:09  Zergling x2  
  20  2:12  Zergling x2  
  22  2:17  Zergling x2  
  22  2:22  Zergling x2  
  24  2:28  Zergling x4  
  26  2:33  Zergling x2  
  27  2:41  Overlord  
  27  2:47  Zergling x2  
  27  2:51  Baneling x2  
  28  3:02  Baneling x2  
  28  3:07  Zergling x8  
  28  3:12  Zergling x2  
  32  3:20  Zergling x2  
  32  3:21  Zergling x4  
  32  3:25  Zergling x2  
  34  3:33  Zergling x4  
  34  3:40  Zergling x2  
  34  3:46  Zergling x4  
  34  3:47  Baneling x2  
  34  3:55  Zergling x2  
  33  4:04  Baneling  
  33  4:05  Zergling x6  
  36  4:14  Baneling  
Show
View Real Time Build Order
Export as new Build Order

AgoElazer Zerg 

Build Orders: Hatch First 

Get SALT Encoding   

  12  0:00  Drone  
  13  0:11  Overlord  
  13  0:16  Drone  
  14  0:30  Drone x2  
  16  0:47  Hatchery  
  15  0:50  Drone  
  15  0:54  Drone  
  17  0:57  Drone  
  18  1:09  Extractor  
  17  1:12  Spawning Pool  
  17  1:15  Drone  
  17  1:19  Drone  
  18  1:28  Drone  
  19  1:39  Drone  
  20  1:50  Drone  
  21  1:59  Queen x2  
  21  2:00  Drone, Overlord  
  26  2:11  Drone x2  
  26  2:12  Metabolic Boost  
  28  2:21  Drone x2  
  30  2:32  Drone x2  
  30  2:34  Queen  
  34  2:45  Evolution Chamber  
  34  2:46  Overlord  
  34  2:48  Drone  
  34  2:55  Drone  
  34  2:56  Drone  
  36  2:59  Roach Warren  
  35  3:06  Drone x2  
  35  3:07  Drone x2  
  35  3:08  Zergling x6  
  42  3:14  Evolution Chamber  
  41  3:20  Evolution Chamber  
  41  3:22  Zergling x6  
  43  3:28  Queen  
  43  3:31  Zergling x4  
  42  3:38  Queen  
  42  3:40  Zergling x2  
  42  3:47  Zergling x2  
  43  3:51  Zergling x2  
  43  3:53  Spine Crawler  
  42  3:56  Spine Crawler  
  42  3:59  Roach  

Tags
 
Add a new tag
Caveats
  • Supply blocks, unpowered buildings, or Contaminate may cause inaccurate times.
  • Supply counts are checked every 10 seconds.